 Dungeon Crawl Stone Soup version 0.29-a0-717-g6dac4ea423 (webtiles) character file.

Game seed: 6934375713559723034

1073 blackman the Spear-Bearer (level 8, -3/58 HPs)
             Began as a Human Delver on June 26, 2022.
             Was a Believer of Okawaru.
             Killed from afar by a steam dragon (18 damage)
             ... with a ball of steam
             ... on level 6 of the Dungeon.
             The game lasted 00:20:53 (7505 turns).

blackman the Spear-Bearer (Human Delver)            Turns: 7505, Time: 00:20:53

Health: -3/58      AC: 11    Str: 14    XL:     8   Next: 54%
Magic:  8/8        EV:  4    Int: 10    God:    Okawaru [**....]
Gold:   347        SH:  0    Dex: 16    Spells: 7/7 levels left

rFire   . . .      SeeInvis +   a - +0 glaive
rCold   + . .      Faith    .   (shield currently unavailable)
rNeg    . . .      Spirit   .   r - +0 plate armour
rPois   .          Reflect  .   (no helmet)
rElec   .          Harm     .   (no cloak)
rCorr   .          Rampage  .   (no gloves)
Will    .....                   t - +0 pair of boots
Stlth   ..........              A - amulet of the acrobat
HPRegen 0.19/turn               q - ring of protection from cold
MPRegen 0.11/turn               w - ring of see invisible

@: no status effects
A: no striking features
a: Renounce Religion, Heroism


You were on level 6 of the Dungeon.
You worshipped Okawaru.
Okawaru was pleased with you.
You visited 2 branches of the dungeon, and saw 7 of its levels.

You collected 353 gold pieces.
You spent 6 gold pieces at shops.

Inventory:

Hand Weapons
 a - a +0 glaive (weapon)
 b - a +2 vorpal sling
 d - a +0 hand axe
 y - a +0 trident
Missiles
 k - 75 stones
 u - 9 poisoned darts
 C - 2 throwing nets
Armour
 h - a +0 leather armour
 r - a +0 plate armour (worn)
 t - a +0 pair of boots (worn)
Jewellery
 q - a ring of protection from cold (left hand)
 w - a ring of see invisible (right hand)
 A - an amulet of the acrobat (around neck)
Wands
 g - a wand of digging (2)
Scrolls
 c - a scroll of fog
 e - a scroll of fear
 i - 2 scrolls of enchant weapon {unknown}
 j - a scroll of enchant armour {unknown}
 n - 5 scrolls of identify {unknown}
 o - a scroll of immolation {unknown}
 p - 3 scrolls of amnesia {unknown}
 s - 3 scrolls of teleportation {unknown}
 v - 4 scrolls of noise {unknown}
 x - 2 scrolls of torment {unknown}
 B - a scroll of magic mapping
Potions
 f - a potion of haste
 l - a potion of degeneration {unknown}
 m - 2 potions of brilliance {unknown}
 z - 2 potions of heal wounds {unknown}


   Skills:
 - Level 3.0 Fighting
 - Level 2.0(6.2) Axes
 * Level 9.4(9.5) Polearms
 - Level 2.0 Dodging
 - Level 5.0 Stealth


You had 7 spell levels left.
You didn't know any spells.
Your spell library contained the following spells:

 Spells                   Type           Power      Damage    Failure   Level
 Apportation              Tloc           0%         N/A       100%        1
 Necrotize                Necr           0%         1d4       100%        1
 Borgnjor's Vile Clutch   Necr/Erth      0%         N/A       100%        5
 Summon Small Mammal      Summ           Unusable   N/A       N/A         1
 Animate Dead             Necr           Unusable   N/A       N/A         4
 Death Channel            Necr           Unusable   N/A       N/A         6

Dungeon Overview and Level Annotations

Branches:
Dungeon (6/15)             Temple (1/1) D:5

Altars:
Ashenzari
Cheibriados
Dithmenos
Elyvilon
Fedhas
Gozag
Kikubaaqudgha
Makhleb
Nemelex Xobeh
Okawaru
Qazlal
Ru
Uskayaw
Vehumet
Wu Jian
Xom
Yredelemnul
Zin
The Shining One

Shops:
D:4 =(!(

Annotations:
D:6 Prince Ribbit


Message History

The steam dragon bites you.
The steam dragon claws you but does no damage.
You slash the necrophage!
The necrophage is heavily damaged.
The necrophage hits you but does no damage.
The steam dragon bites you.
The steam dragon claws you but does no damage.
The necrophage hits you but does no damage.
The steam dragon bites you but does no damage.
The steam dragon claws you.
You closely miss the necrophage.
The necrophage is heavily damaged.
The steam dragon bites you!
The steam dragon claws you but does no damage.
The necrophage hits you.
You feel drained.
You hit the necrophage.
The necrophage is severely damaged.
The steam dragon bites you but does no damage.
The steam dragon claws you.
The necrophage hits you but does no damage.
You are too injured to fight recklessly!
You are too injured to fight recklessly!
You are too injured to fight recklessly!
You are too injured to fight recklessly!
You are too injured to fight recklessly!
You hit the necrophage.
The necrophage is almost destroyed.
The steam dragon barely misses you. The steam dragon claws you.
The necrophage hits you but does no damage.
You slash the necrophage!
You destroy the necrophage!
Okawaru accepts your kill. The steam dragon bites you.
The steam dragon claws you.
Your life force feels restored.
You closely miss the steam dragon. The steam dragon bites you.
* * * LOW HITPOINT WARNING * * *
The steam dragon claws you but does no damage.
The steam dragon breathes steam at you. The ball of steam hits you!!
You die...

.#.# #....#
#.# .#.#
#....# #.#
###+## #.# #.#
#.# #####.# #
#.....##.##.#
#..#
##.....(......
#..#
#.....@##.##.
#..# #.....D#
# #..#
#......# #..#
#....... #..#
#.####..#
##..# ... ...#
..F.# ## #..#
###.# ...# ..#


You could see a steam dragon (catching breath).

Vanquished Creatures
  An ice beast (D:5)
  An ogre (D:5)
  A black bear (D:5)
  2 phantoms
  Blork the orc (D:5)
  A necrophage (D:6)
  A howler monkey (D:6)
  A hound (D:4)
  3 jellies
  A scorpion zombie (D:3)
  2 iguanas
  An orc wizard (D:3)
  A hound skeleton (D:3)
  7 gnolls
  9 adders
  A white imp (D:5)
  An adder skeleton (D:3)
  A worm (D:3)
  2 dart slugs (D:1)
  14 orcs
  5 ball pythons
  7 endoplasms
  A giant cockroach (D:2)
  5 goblins
  5 hobgoblins
  5 jackals
  A quokka (D:5)
  6 bats
  2 frilled lizards
  7 kobolds
  A quokka zombie (D:3)
  10 rats
107 creatures vanquished.

Vanquished Creatures (others)
  4 plants (D:1)
4 creatures vanquished.

Grand Total: 111 creatures vanquished

Notes
Turn   | Place    | Note
-------+----------+-------------------------------------------
     0 | D:5      | blackman the Human Delver began the quest for the Orb.
     0 | D:5      | Reached XP level 1. HP: 18/18 MP: 1/1
    14 | D:5      | Noticed an iguana
    27 | D:5      | Noticed a black bear
    37 | D:5      | Noticed a jelly
    62 | D:5      | Noticed an ice beast
    65 | D:5      | Noticed Blork the orc
    74 | D:5      | Found a staircase to the Ecumenical Temple.
    82 | Temple   | Entered the Ecumenical Temple
   478 | Temple   | Became a worshipper of Warmaster Okawaru
   553 | D:4      | Found Rakhavi's Distillery.
   554 | D:4      | Found Gov Dool's Antique Weapon Emporium.
   555 | D:4      | Found Tehadd's Jewellery Boutique.
   556 | D:4      | Found Doaruxad's Weapon Shop.
   564 | D:4      | Bought 6 stones for 6 gold pieces
   692 | D:3      | Found a faded altar of an unknown god.
   781 | D:3      | Reached skill level 1 in Polearms
   781 | D:3      | Reached XP level 2. HP: 21/24 MP: 2/2
   825 | D:3      | Reached skill level 2 in Polearms
  1034 | D:2      | Reached XP level 3. HP: 19/29 MP: 3/3
  1363 | D:1      | Reached skill level 3 in Polearms
  1590 | D:1      | Reached XP level 4. HP: 35/35 MP: 4/4
  2561 | D:2      | Reached skill level 4 in Polearms
  2638 | D:3      | Reached XP level 5. HP: 24/41 MP: 5/5
  2656 | D:3      | HP: 2/41 [poisoned by a kobold]
  3686 | D:3      | Reached skill level 5 in Polearms
  3980 | D:3      | Reached XP level 6. HP: 38/47 MP: 6/6
  4299 | D:4      | Reached skill level 6 in Polearms
  4826 | D:5      | Noticed an ogre
  4915 | D:5      | HP: 2/47 [acid (10)]
  5447 | D:5      | Killed an ice beast
  5447 | D:5      | Reached * piety under Okawaru
  5448 | D:5      | Reached XP level 7. HP: 11/52 MP: 7/7
  5699 | D:5      | Reached skill level 7 in Polearms
  5883 | D:5      | Killed Blork the orc
  6065 | D:5      | Reached skill level 8 in Polearms
  6134 | D:5      | Reached XP level 8. HP: 57/58 MP: 5/8
  6243 | D:5      | Reached ** piety under Okawaru
  6541 | D:6      | Noticed Prince Ribbit
  7496 | D:6      | Reached skill level 9 in Polearms
  7505 | D:6      | Killed from afar by a steam dragon

Illustrated notes

Levels and vault maps discovered:
D:1:      denvon_arrival_waterhouse, layout_basic, serial_forest,
          infiniplex_forest_clump_cross, infiniplex_forest_end_2,
          infiniplex_forest_clump_small, infiniplex_forest_lined_4_way,
          infiniplex_forest_straight_5, infiniplex_forest_clump_cross,
          infiniplex_forest_straight_1
D:2:      layout_rooms
D:3:      layout_loops_cross, hellmonk_ecumenical_altar_pennies_from_heaven,
          serial_undead, serial_undead_d, serial_undead_b, serial_undead_f,
          serial_undead_a
D:4:      layout_cave_pools, nicolae_wooded_promenade
D:5:      layout_basic, minmay_temple_entry_offerings, uniq_blork_the_orc
D:6:      layout_basic, grunt_ministairs_10, uniq_prince_ribbit1
Temple:   compressed_dpeg_triangle_lava_temple

Skill      XL: |  1  2  3  4  5  6  7  8 |
---------------+-------------------------+-----
Polearms       | 1 2 3 4 5 6 8 9 |  9.4
Fighting       | |  3.0
Axes           | |  2.0
Dodging        | |  2.0
Stealth        | |  5.0

Action                   |  1- 3 |  4- 6 |  7- 9 || total
-------------------------+-------+-------+-------++-------
Melee: Glaive            |    68 |   195 |    87 ||   350
 Fire: Sling             |     2 |    10 |       ||    12
Throw: Dart              |       |     1 |       ||     1
       Throwing net      |       |     1 |       ||     1
Invok: Heroism           |       |       |     1 ||     1
Evoke: Wand              |       |     1 |       ||     1
  Use: Scroll            |     1 |     2 |       ||     3
       Potion            |       |     3 |       ||     3
 Stab: Sleeping          |     6 |       |       ||     6
       Distracted        |     1 |       |       ||     1
Armor: Leather armour    |     7 |       |       ||     7
       Plate armour      |     8 |   173 |    68 ||   249
Dodge: Dodged            |    31 |    81 |    18 ||   130

Table legend: (Time is in decaauts)
 A = Elapsed time spent in this place.
 B = Non-inter-level travel time spent in this place.
 C = Inter-level travel time spent in this place.
 D = Time resting spent in this place.
 E = Time spent auto-exploring this place.
 F = Levels seen in this place.
 G = Mean time per level.
                   A        B        C        D        E       F      G
               +--------+--------+--------+--------+--------+-----+--------+
         Total |   7668 |   7341 |    327 |   1756 |   4375 |   7 | 1095.4 |
       Dungeon |   7258 |   6981 |    277 |   1756 |   4030 |   6 | 1209.7 |
        Temple |    409 |    359 |     50 |      0 |    345 |   1 |  409.0 |
               +--------+--------+--------+--------+--------+-----+--------+

Top non-repeatable levels by time:
     D:5: 1755 daAuts
     D:3: 1398 daAuts
     D:4: 1331 daAuts
     D:2: 1232 daAuts
     D:1: 995 daAuts
     D:6: 545 daAuts
  Temple: 409 daAuts
